Unix NetHack Version 3.7.0-58 Work-in-progress - last build May 9 2022 01:57:28 (68cf6e19034123fb635188453c0de67a0aba65fd,branch:master). Game began 2022-05-13 17:18:16, ended 2022-05-13 21:46:43. Arasaka, neutral female gnomish Healer ----- |... |...----- |...|(((| | |...|(((| - |...|...|-------.---- |...-|---....f......--+-+--- | #|..@........h@...............@.| #|........{)--|---- .........| #.....[.....|.....| .| #|...-|---..|.....| | #|...|. --||.G_..| ------- #|...|++ .|F....| |.<...| #|...|++ ..|------ |.....|########|...-------- |.....-# #|.... |.....| #------ ------- # Arasaka the Rhizotomist St:9 Dx:11 Co:13 In:9 Wi:18 Ch:16 Neutral Dlvl:6 $:228 HP:0(15) Pw:5(6) AC:2 Xp:1/10 T:2197 Latest messages: The door opens. Behemoth misses the watch captain. Behemoth misses the watch captain. The hobbit picks up a spear. You hear someone praising Athena. What do you want to use or apply? [cefqsxy or ?*] In what direction? Status of Behemoth (neutral): Level 9 HP 70(72) AC 4, tame. Behemoth misses the watch captain. Behemoth bites the hobbit. The hobbit picks up a runed dagger. The door opens. You swap places with Behemoth. You hear a chugging sound. The hobbit throws a spear! The spear misses the watch captain. The spear misses Behemoth. You are hit by a spear. The door opens. The priestess of Athena intones: "Pilgrim, you enter a sacred place!" You have a forbidding feeling... Talk to whom? (in what direction) The priestess of Athena asks you for a contribution for the temple. You give the priestess of Athena 400 zorkmids. "Thou hast been rewarded for thy devotion." Talk to whom? (in what direction) The priestess of Athena asks you for a contribution for the temple. You give the priestess of Athena 400 zorkmids. "Thou hast been rewarded for thy devotion." Talk to whom? (in what direction) The priestess of Athena asks you for a contribution for the temple. You give the priestess of Athena 400 zorkmids. "Thou hast been rewarded for thy devotion." Talk to whom? (in what direction) The priestess of Athena asks you for a contribution for the temple. You give the priestess of Athena 400 zorkmids. "Thou hast been rewarded for thy devotion." Talk to whom? (in what direction) The priestess of Athena asks you for a contribution for the temple. You give the priestess of Athena 400 zorkmids. "Thou hast been rewarded for thy devotion." The hobbit wields a runed dagger! You miss the hobbit. The hobbit thrusts his runed dagger. The hobbit hits! You miss the hobbit. The hobbit thrusts his runed dagger. The hobbit hits! You die... Major events: Turn 1: Arasaka the neutral female gnomish Healer entered the dungeon 1004: entered the Gnomish Mines 2139: reached Mine Town 2197: killed by a hobbit Inventory: Coins ('$') $ - 228 gold pieces Weapons (')') a - an uncursed +0 scalpel t - a blessed +0 aklys (tethered weapon in hand) Armor ('[') m - a cursed -1 helmet named C b - an uncursed +1 pair of leather gloves (being worn) Comestibles ('%') j - 6 uncursed apples o - an uncursed food ration B - an uncursed lembas wafer Potions ('!') z - 3 uncursed potions of extra healing d - 3 uncursed potions of healing A - a cursed potion of sleeping Wands ('/') f - an uncursed wand of sleep (0:4) x - an uncursed wand of striking (0:3) Tools ('(') s - an uncursed magic lamp (lit) y - an uncursed magic marker (0:95) q - an uncursed +0 pick-axe e - an uncursed skeleton key c - an uncursed stethoscope Gems/Stones ('*') k - 2 uncursed worthless pieces of blue glass w - an uncursed worthless piece of white glass n - 3 uncursed worthless pieces of yellow glass Arasaka the Healer's attributes: Background: You were a Rhizotomist, a level 1 female gnomish Healer. You were neutral, on a mission for Hermes who was opposed by Athena (lawful) and Poseidon (chaotic). You were in the Gnomish Mines, on level 6. You entered the dungeon 2197 turns ago. Bad things happened on Friday the 13th. You had 10 experience points, 10 more were needed to attain level 2. Basics: You had 0 out of 15 hit points. You had 5 out of 6 energy points (spell power). Your armor class was 2. Your wallet contained 228 zorkmids. Autopickup was on for '$"?' plus thrown, with exceptions. Final Characteristics: Your strength was 9 (limit:18/50). Your dexterity was 11 (limit:18). Your constitution was 13 (limit:18). Your intelligence was 9 (limit:19). Your wisdom was 18 (limit:18). Your charisma was 16 (limit:18). Final Status: You were not hungry. You were unencumbered. You were wielding a club. You were unskilled in club. Final Attributes: You were devoutly aligned. You were poison resistant. You had infravision. You had a moderate defense bonus (+6). You were warded. You were unlucky. You are dead. Miscellaneous: You disabled loading of bones levels. Total elapsed playing time was 21 minutes and 37 seconds. Vanquished creatures: a watchman a shrieker a gnome leader 3 dwarves an iguana 2 acid blobs 2 gas spores 2 hobbits 2 giant rats a yellow mold 3 gnomes a gnome zombie 3 geckos 7 jackals 3 foxes 3 sewer rats 7 grid bugs 6 lichens a kobold zombie 9 newts 59 creatures vanquished. No species were genocided or became extinct. Voluntary challenges: You read items or engraved 10 times. You engraved Elbereth 6 times. You never genocided any monsters. You never polymorphed an object. You never changed form. You used no wishes. Achievements: You entered the Gnomish Mines. You entered a shop. You entered Minetown. You entered a temple. The Dungeons of Doom: levels 1 to 3 Level 1: Level 2: "v" Level 3: "BOOKS" A general store. Stairs down to The Gnomish Mines. The Gnomish Mines: levels 4 to 6 Level 4: Level 5: Level 6: <- You were here. A shop, a temple, a fountain. Final resting place for you, killed by a hobbit. Game over: ---------- / \ / REST \ / IN \ / PEACE \ / \ | Arasaka | | 228 Au | | killed by a | | hobbit | | | | | | 2022 | *| * * * | * _________)/\\_//(\/(/\)/\//\/|_)_______ Goodbye Arasaka the Healer... You died in The Gnomish Mines on dungeon level 6 with 320 points, and 228 pieces of gold, after 2197 moves. You were level 1 with a maximum of 15 hit points when you died.